TOP OF THE 1ST |
Phoenix Hotspur batting - Pitching for Oakland Oaks : LHP José Reyna
|
Pitching: LHP José Reyna
|
|
Batting: LHB Arthur Ryan
|
0-0: Swinging Strike 0-1: Ball 1-1: Ball 2-1: Swinging Strike 2-2: Foul Ball, location: 2F 2-2: Ball 3-2: Foul Ball, location: 2F 3-2: Strikes out swinging
|
Batting: LHB Dave Knight
|
0-0: Foul Ball, location: 2F 0-1: Fly out, F8 (Flyball, 8RXD)
|
Batting: LHB Albert González
|
0-0: Ball 1-0: Ground out 5-3 (Groundball, 56)
|
Top of the 1st over - 0 run(s), 0 hit(s), 0 error(s), 0 left on base; Phoenix 0 - Oakland 0 |
BOTTOM OF THE 1ST |
Oakland Oaks batting - Pitching for Phoenix Hotspur : RHP Pedro Valdéz
|
Pitching: RHP Pedro Valdéz
|
|
Batting: LHB Jesús Quintanilla
|
0-0: Ball 1-0: Called Strike 1-1: Swinging Strike 1-2: Ball 2-2: SINGLE (Groundball, 6MD)
|
Batting: LHB Edwin Church
|
0-0: Foul Ball, location: 2F 0-1: Called Strike 0-2: Ball 1-2: Foul Ball, location: 2F 1-2: Foul Ball, location: 2F 1-2: Strikes out looking
|
Batting: LHB Mal Wadley
|
0-0: Called Strike 0-1: Ball 1-1: Ball Wild Pitch! Jesús Quintanilla to second 2-1: Ball 3-1: Base on Balls
|
Batting: SHB John Allen
|
0-0: Called Strike 0-1: Ball 1-1: Called Strike 1-2: Strikes out swinging
|
Batting: LHB Todd Henry
|
0-0: Ball 1-0: Ball 2-0: Foul Ball, location: 2F 2-1: Fielders Choice at 2nd, U4 (Groundball, 4M)
|
Bottom of the 1st over - 0 run(s), 1 hit(s), 0 error(s), 2 left on base; Phoenix 0 - Oakland 0 |
TOP OF THE 2ND |
Phoenix Hotspur batting - Pitching for Oakland Oaks : LHP José Reyna
|
Batting: RHB Randy Rehling
|
0-0: Ground out 5-3 (Groundball, 56S)
|
Batting: RHB John Moore
|
0-0: Fly out, F8 (Line Drive, 8LM)
|
Batting: RHB Gabriel Pérez
|
0-0: Ball 1-0: Called Strike 1-1: Ball 2-1: SINGLE (Groundball, 6D) (infield hit)
|
Batting: RHB Martín Martínez
|
0-0: Ball Gabriel Pérez steals 2nd base 1-0: Swinging Strike 1-1: Ball 2-1: Swinging Strike 2-2: Strikes out looking
|
Top of the 2nd over - 0 run(s), 1 hit(s), 0 error(s), 1 left on base; Phoenix 0 - Oakland 0 |
BOTTOM OF THE 2ND |
Oakland Oaks batting - Pitching for Phoenix Hotspur : RHP Pedro Valdéz
|
Batting: LHB Todd Williams
|
0-0: Ball 1-0: Ground out 4-3 (Groundball, 4)
|
Batting: RHB Miguel Fernández
|
0-0: Ball 1-0: Fly out, F8 (Flyball, 8LM)
|
Batting: RHB Jim Lee
|
0-0: Fly out, F9 (Popup, 89S)
|
Bottom of the 2nd over - 0 run(s), 0 hit(s), 0 error(s), 0 left on base; Phoenix 0 - Oakland 0 |
TOP OF THE 3RD |
Phoenix Hotspur batting - Pitching for Oakland Oaks : LHP José Reyna
|
Batting: RHB António Padilla
|
0-0: Ball 1-0: Swinging Strike 1-1: SINGLE (Flyball, 89S)
|
Batting: LHB Rubén López
|
0-0: Called Strike 0-1: Fly out, F7 (Flyball, 7LMF)
|
Batting: LHB Arthur Ryan
|
0-0: Called Strike 0-1: Ball 1-1: Grounds into double play, 4-6-3 (Groundball, 4)
|
Top of the 3rd over - 0 run(s), 1 hit(s), 0 error(s), 0 left on base; Phoenix 0 - Oakland 0 |
BOTTOM OF THE 3RD |
Oakland Oaks batting - Pitching for Phoenix Hotspur : RHP Pedro Valdéz
|
Batting: RHB Rafael Durango
|
0-0: Called Strike 0-1: Ball 1-1: Ball 2-1: Called Strike 2-2: Strikes out swinging
|
Batting: LHB Jesús Quintanilla
|
0-0: Ground out U3 (Groundball, 3L)
|
Batting: LHB Edwin Church
|
0-0: Ball 1-0: Ball 2-0: Called Strike 2-1: Ground out 4-3 (Groundball, 34)
|
Bottom of the 3rd over - 0 run(s), 0 hit(s), 0 error(s), 0 left on base; Phoenix 0 - Oakland 0 |
TOP OF THE 4TH |
Phoenix Hotspur batting - Pitching for Oakland Oaks : LHP José Reyna
|
Batting: LHB Dave Knight
|
0-0: Foul Ball, location: 2F 0-1: Foul Ball, location: 2F 0-2: Ball 1-2: Foul Ball, location: 2F 1-2: Fly out, F8 (Flyball, 89D)
|
Batting: LHB Albert González
|
0-0: SINGLE (Line Drive, 4)
|
Batting: RHB Randy Rehling
|
0-0: Ball 1-0: DOUBLE (Flyball, 8LD) Albert González to third Runner from 3rd tries for Home, SAFE, no throw or cutoff
|
Batting: RHB John Moore
|
0-0: Ball 1-0: Called Strike 1-1: Ball 2-1: Ground out 6-3 (Groundball, 6)
|
Batting: RHB Gabriel Pérez
|
0-0: Called Strike 0-1: Ball Wild Pitch! Randy Rehling to third 1-1: Swinging Strike 1-2: Foul Ball, location: 2F 1-2: Foul Ball, location: 2F 1-2: Foul Ball, location: 2F 1-2: TRIPLE (Line Drive, 7LM) Randy Rehling scores
|
Batting: RHB Martín Martínez
|
0-0: Called Strike 0-1: Called Strike 0-2: Ball 1-2: Fly out, F3 (Popup, 3F)
|
Top of the 4th over - 2 run(s), 3 hit(s), 0 error(s), 1 left on base; Phoenix 2 - Oakland 0 |
BOTTOM OF THE 4TH |
Oakland Oaks batting - Pitching for Phoenix Hotspur : RHP Pedro Valdéz
|
Batting: LHB Mal Wadley
|
0-0: Ball 1-0: Swinging Strike 1-1: Foul Ball, location: 2F 1-2: Strikes out swinging
|
Batting: SHB John Allen
|
0-0: Ball 1-0: Foul Ball, location: 2F 1-1: Swinging Strike 1-2: Foul Ball, location: 2F 1-2: Strikes out looking
|
Batting: LHB Todd Henry
|
0-0: Ball 1-0: Ground out 4-3 (Groundball, 4)
|
Bottom of the 4th over - 0 run(s), 0 hit(s), 0 error(s), 0 left on base; Phoenix 2 - Oakland 0 |
TOP OF THE 5TH |
Phoenix Hotspur batting - Pitching for Oakland Oaks : LHP José Reyna
|
Batting: RHB António Padilla
|
0-0: SINGLE (Groundball, 56D)
|
Batting: LHB Rubén López
|
0-0: Ball 1-0: Foul Ball, location: 2F 1-1: Ball 2-1: Fly out, F7 (Flyball, 7LMF)
|
Batting: LHB Arthur Ryan
|
0-0: Swinging Strike 0-1: Foul Ball, location: 2F 0-2: Ball 1-2: Ball 2-2: Strikes out swinging
|
Batting: LHB Dave Knight
|
0-0: Called Strike 0-1: Ball 1-1: Foul Ball, location: 2F 1-2: Ball 2-2: Strikes out swinging
|
Top of the 5th over - 0 run(s), 1 hit(s), 0 error(s), 1 left on base; Phoenix 2 - Oakland 0 |
BOTTOM OF THE 5TH |
Oakland Oaks batting - Pitching for Phoenix Hotspur : RHP Pedro Valdéz
|
Batting: LHB Todd Williams
|
0-0: Ball 1-0: Ball 2-0: Ball 3-0: Base on Balls
|
Batting: RHB Miguel Fernández
|
0-0: Ball 1-0: Ball 2-0: Fly out, F7 (Flyball, 78XD)
|
Batting: RHB Jim Lee
|
0-0: Called Strike Todd Williams steals 2nd base 0-1: Ball 1-1: Ball 2-1: Ground out 6-3 (Groundball, 6) Todd Williams to third
|
Batting: RHB Rafael Durango
|
0-0: Ball 1-0: Ball 2-0: Swinging Strike 2-1: Foul Ball, location: 2F 2-2: Strikes out swinging
|
Bottom of the 5th over - 0 run(s), 0 hit(s), 0 error(s), 1 left on base; Phoenix 2 - Oakland 0 |
TOP OF THE 6TH |
Phoenix Hotspur batting - Pitching for Oakland Oaks : LHP José Reyna
|
Batting: LHB Albert González
|
0-0: Called Strike 0-1: Ball 1-1: Called Strike 1-2: Foul Ball, location: 2F 1-2: Ball 2-2: Strikes out swinging
|
Batting: RHB Randy Rehling
|
0-0: Ball 1-0: Ball 2-0: Swinging Strike 2-1: SINGLE (Line Drive, 6MD)
|
Batting: RHB John Moore
|
0-0: Ball 1-0: DOUBLE (Flyball, 78M) Randy Rehling to third
|
Batting: RHB Gabriel Pérez
|
0-0: Foul Ball, location: 2F 0-1: Ball 1-1: Foul Ball, location: 2F 1-2: Ball 2-2: Ball 3-2: Strikes out swinging
|
Batting: RHB Martín Martínez
|
0-0: Ground out 1-3 (Groundball, 15)
|
Top of the 6th over - 0 run(s), 2 hit(s), 0 error(s), 2 left on base; Phoenix 2 - Oakland 0 |
BOTTOM OF THE 6TH |
Oakland Oaks batting - Pitching for Phoenix Hotspur : RHP Pedro Valdéz
|
Batting: LHB Jesús Quintanilla
|
0-0: Called Strike 0-1: Ball 1-1: Foul Ball, location: 2F 1-2: Ball 2-2: Reached on error, E4 (Groundball, 4)
|
Batting: LHB Edwin Church
|
0-0: Called Strike 0-1: Ball Jesús Quintanilla is caught stealing 2nd base 1-1: Ball 2-1: Foul Ball, location: 2F 2-2: SINGLE (Line Drive, 4MD)
|
Pitching: RHP Craig Gasnier
|
|
Batting: LHB Mal Wadley
|
0-0: Swinging Strike 0-1: Foul Ball, location: 2F 0-2: Strikes out swinging
|
Batting: SHB John Allen
|
0-0: Called Strike 0-1: Called Strike 0-2: Fly out, F8 (Flyball, 8RXD)
|
Bottom of the 6th over - 0 run(s), 1 hit(s), 1 error(s), 1 left on base; Phoenix 2 - Oakland 0 |
TOP OF THE 7TH |
Phoenix Hotspur batting - Pitching for Oakland Oaks : LHP José Reyna
|
Batting: RHB António Padilla
|
0-0: Ball 1-0: Ball 2-0: Foul Ball, location: 2F 2-1: Ground out 4-3 (Groundball, 4M)
|
Batting: LHB Rubén López
|
0-0: Ball 1-0: Foul Ball, location: 2F 1-1: Ball 2-1: Foul Ball, location: 2F 2-2: Ground out 4-3 (Groundball, 4)
|
Batting: LHB Arthur Ryan
|
0-0: Ball 1-0: Ball 2-0: Called Strike 2-1: Ball 3-1: Called Strike 3-2: Foul Ball, location: 2F 3-2: Strikes out swinging
|
Top of the 7th over - 0 run(s), 0 hit(s), 0 error(s), 0 left on base; Phoenix 2 - Oakland 0 |
BOTTOM OF THE 7TH |
Oakland Oaks batting - Pitching for Phoenix Hotspur : RHP Craig Gasnier
|
Batting: LHB Todd Henry
|
0-0: Ball 1-0: Foul Ball, location: 2F 1-1: Called Strike 1-2: Strikes out looking
|
Batting: LHB Todd Williams
|
0-0: Ball 1-0: Ball 2-0: Ball 3-0: Foul Ball, location: 2F 3-1: Base on Balls
|
Batting: RHB Miguel Fernández
|
0-0: Called Strike 0-1: Ball 1-1: Swinging Strike 1-2: Ball 2-2: Ground out U3 (Groundball, 3S) Todd Williams to second
|
Pitching: RHP Jesús Olvero
|
|
Batting: RHB Jim Lee
|
0-0: Ball 1-0: Ball 2-0: Ball 3-0: Called Strike 3-1: Base on Balls
|
Batting: RHB Rafael Durango
|
0-0: Ball 1-0: Called Strike 1-1: Ball 2-1: Foul Ball, location: 2F 2-2: DOUBLE (Line Drive, 7LD) Todd Williams scores Jim Lee to third Runner from 3rd tries for Home, SAFE, no throw or cutoff
|
Batting: LHB Jesús Quintanilla
|
0-0: Called Strike 0-1: Swinging Strike 0-2: Ball 1-2: Foul Ball, location: 2F 1-2: Foul Ball, location: 2F 1-2: Ball 2-2: Ground out 4-3 (Groundball, 13)
|
Bottom of the 7th over - 2 run(s), 1 hit(s), 0 error(s), 1 left on base; Phoenix 2 - Oakland 2 |
TOP OF THE 8TH |
Phoenix Hotspur batting - Pitching for Oakland Oaks : LHP José Reyna
|
Pinch Hitting: RHB Alfredo Martínez
|
0-0: Called Strike 0-1: Fly out, F6 (Popup, 6D)
|
Batting: LHB Albert González
|
0-0: Ball 1-0: Called Strike 1-1: Called Strike 1-2: Strikes out swinging
|
Batting: RHB Randy Rehling
|
0-0: Called Strike 0-1: Ball 1-1: Ball 2-1: Called Strike 2-2: DOUBLE (Flyball, 78XD)
|
Pitching: RHP Nate Rogers
|
|
Batting: RHB John Moore
|
0-0: Called Strike 0-1: Fly out, F8 (Flyball, 89XD)
|
Top of the 8th over - 0 run(s), 1 hit(s), 0 error(s), 1 left on base; Phoenix 2 - Oakland 2 |
BOTTOM OF THE 8TH |
Oakland Oaks batting - Pitching for Phoenix Hotspur : RHP Jesús Olvero
|
Now in RF: Raúl González
|
|
Batting: LHB Edwin Church
|
0-0: Ball 1-0: Ball 2-0: Ball 3-0: Base on Balls
|
Pitching: RHP Pat McCormick
|
|
Batting: LHB Mal Wadley
|
0-0: Fly out, F8 (Line Drive, 8RS)
|
Batting: SHB John Allen
|
0-0: Called Strike 0-1: Ball 1-1: Fielders Choice at 2nd, 4-6 (Groundball, 4)
|
Batting: LHB Todd Henry
|
0-0: Ball 1-0: DOUBLE (Line Drive, 8LD) John Allen to third Runner from 3rd tries for Home, SAFE, no throw or cutoff
|
Batting: LHB Todd Williams
|
0-0: Ball 1-0: Ball 2-0: Foul Ball, location: 2F 2-1: Ground out 4-3 (Groundball, 34)
|
Bottom of the 8th over - 1 run(s), 1 hit(s), 0 error(s), 1 left on base; Phoenix 2 - Oakland 3 |
TOP OF THE 9TH |
Phoenix Hotspur batting - Pitching for Oakland Oaks : RHP Nate Rogers
|
Pitching: RHP Tony Hernández
|
|
Now at 2B: Dave Henderson
|
|
Now in CF: Jim Allen
|
|
Batting: RHB Gabriel Pérez
|
0-0: Ball 1-0: Ball 2-0: Ball 3-0: Called Strike 3-1: Base on Balls
|
Batting: RHB Martín Martínez
|
0-0: Swinging Strike 0-1: Foul Ball, location: 2F 0-2: SINGLE (Line Drive, 56) Gabriel Pérez to second
|
Batting: RHB António Padilla
|
0-0: Called Strike 0-1: Foul Ball, location: 2F 0-2: Strikes out swinging
|
Batting: LHB Rubén López
|
0-0: Called Strike 0-1: Swinging Strike 0-2: Foul Ball, location: 2F 0-2: Strikes out looking
|
Batting: LHB Arthur Ryan
|
0-0: Swinging Strike 0-1: Foul Ball, location: 2F 0-2: Strikes out swinging
|
Top of the 9th over - 0 run(s), 1 hit(s), 0 error(s), 2 left on base; Phoenix 2 - Oakland 3 |
|